 Dungeon Crawl Stone Soup version 0.29-a0-23-ga79f92ac9c (webtiles) character file.

Game seed: 16144173156007144625

8648 HallandMoats the Exorcist (level 11, -4/60 HPs)
             Began as a Vine Stalker Fighter on Jan 30, 2022.
             Was an Elder of the Shining One.
             Killed from afar by an acid dragon (11 damage)
             ... with a splash of acid
             ... on level 9 of the Dungeon.
             The game lasted 00:11:09 (7578 turns).

HallandMoats the Exorcist (Vine Stalker Fighter)    Turns: 7578, Time: 00:11:10

Health: -4/60      AC:  4    Str: 21    XL:     11   Next: 34%
Magic:  0/27       EV:  9    Int:  8    God:    the Shining One [****..]
Gold:   465        SH:  7    Dex: 16    Spells: 10/10 levels left

rFire   . . .      SeeInvis .   a - +3 hand axe
rCold   + + .      Faith    .   f - +2 buckler {AC+3}
rNeg    + + .      Spirit   +   K - +0 chain mail {rC+}
rPois   .          Reflect  .   E - +0 helmet
rElec   .          Harm     .   g - +0 cloak
rCorr   .          Rampage  .   (no gloves)
Will    +....                   n - +0 pair of boots
Stlth   ..........              c - amulet of magic regeneration
HPRegen 1.00/turn               u - ring of magical power
MPRegen 0.60/turn               C - ring of protection from cold

@: corroded, glowing
A: fangs 3, regeneration 1, magic shield, antimagic bite, no potion heal 2
a: Renounce Religion, Divine Shield, Cleansing Flame


You were on level 9 of the Dungeon.
You worshipped the Shining One.
The Shining One was greatly pleased with you.
You visited 1 branch of the dungeon, and saw 9 of its levels.

You collected 465 gold pieces.

Inventory:

Hand Weapons
 a - a +3 hand axe (weapon)
 b - a +3 flail of protection
Armour
 f - a +2 buckler of protection (worn)
 g - a +0 cloak (worn)
 n - a +0 pair of boots (worn)
 w - a scarf of harm
 E - a +0 helmet (worn)
 K - a +0 chain mail of cold resistance (worn)
Jewellery
 c - an amulet of magic regeneration (around neck)
 u - a ring of magical power (left hand)
 C - a ring of protection from cold (right hand)
 F - an amulet of faith
 H - a ring of flight
Wands
 v - a wand of acid (8)
 y - a wand of polymorph (4)
 I - a wand of iceblast (11)
 J - a wand of charming (8)
Scrolls
 e - a scroll of amnesia
 j - a scroll of fear
 k - a scroll of fog
 r - a scroll of enchant weapon
 s - 3 scrolls of teleportation
 t - a scroll of silence
 D - 2 scrolls of immolation
 G - a scroll of magic mapping
Potions
 d - 2 potions of might
 h - 4 potions of heal wounds {unknown}
 i - 3 potions of magic {unknown}
 l - 5 potions of brilliance {unknown}
 m - 3 potions of haste
 o - a potion of cancellation {unknown}
 p - 2 potions of attraction {unknown}
 q - a potion of resistance {unknown}
 x - a potion of ambrosia {unknown}
 z - a potion of curing {unknown}
 A - a potion of mutation {unknown}
Miscellaneous
 B - a box of beasts


   Skills:
 * Level 8.1 Fighting
 * Level 7.9 Axes
 + Level 5.5 Armour
 + Level 4.6 Dodging
 - Level 5.4 Shields
 * Level 8.2 Invocations


You had 10 spell levels left.
You didn't know any spells.
Your spell library contained the following spells:

 Spells                   Type           Power      Damage    Failure   Level
 Magic Dart               Conj           0%         1d3       99%         1
 Corpse Rot               Necr/Air       0%         N/A       100%        2
 Poisonous Vapours        Pois/Air       0%         N/A       100%        2
 Searing Ray              Conj           0%         2d4       100%        2
 Frozen Ramparts          Ice            0%         1d2       100%        3
 Inner Flame              Hex/Fire       0%         N/A       100%        3
 Animate Dead             Necr           0%         N/A       100%        4
 Cause Fear               Hex            0%         N/A       100%        4
 Fulminant Prism          Conj/Hex       0%         3d6       100%        4
 Ice Form                 Ice/Tmut       0%         N/A       100%        4
 Summon Ice Beast         Ice/Summ       0%         N/A       100%        4
 Borgnjor's Vile Clutch   Necr/Erth      0%         N/A       100%        5
 Death Channel            Necr           0%         N/A       100%        6
 Discord                  Hex            0%         N/A       100%        8


Dungeon Overview and Level Annotations

Branches:
Dungeon (9/15)             Temple (0/1) D:5
   Lair: D:8-11         Orc: D:9-12

Altars:
Sif Muna
Xom
The Shining One

Shops:
D:4 [


Innate Abilities, Weirdness & Mutations

You have razor-sharp teeth.
Your natural rate of healing is unusually fast.
When hurt, damage is shared between your health and your magic reserves.
Your bite disrupts and absorbs the magic of your enemies.
Potions cannot restore your health.


Message History

* * * LOW HITPOINT WARNING * * *
The acid dragon claws you but does no damage.
You hit the acid dragon but do no damage.
You bite the acid dragon, but do no damage.
The acid dragon is severely wounded.
The acid dragon spits acid at you. You block the splash of acid.
You hit the acid dragon but do no damage.
You bite the acid dragon. You drain its power.
You feel invigorated.
The acid dragon is severely wounded.
The acid dragon barely misses you. You block the acid dragon's attack.
You hit the acid dragon but do no damage.
The acid dragon is severely wounded.
You hit the acid dragon.
You bite the acid dragon, but do no damage.
The acid dragon is severely wounded.
The acid dragon bites you!
* * * LOW HITPOINT WARNING * * *
The acid dragon closely misses you.
You hit the acid dragon but do no damage.
The acid dragon is severely wounded.
The acid dragon barely misses you. The acid dragon closely misses you.
You hit the acid dragon but do no damage.
You bite the acid dragon, but do no damage.
The acid dragon is severely wounded.
The acid dragon closely misses you. You block the acid dragon's attack.
You hit the acid dragon but do no damage.
The acid dragon is severely wounded.
You block the acid dragon's attack. The acid dragon claws you.
* * * LOW HITPOINT WARNING * * *
You hit the acid dragon but do no damage.
You bite the acid dragon, but do no damage.
The acid dragon is severely wounded.
You block the acid dragon's attack. x2
You completely miss the acid dragon.
You bite the acid dragon, but do no damage.
The acid dragon is severely wounded.
The acid dragon spits acid at you. The splash of acid hits you!
You die...

.#.#......####.##
...#......## #.#.
..#.......###.#.
######.#.........#.##
#....#.#......##....#
###.##.................
#...#.###.......#####..
##.#.............##.....
#....)D@###.............
#.#....[# ######.....#.#
#.#....[# # #........
#.#.#...#.# #........
#.#.#.#.#.# #........
#.#.#.....# ###..#...
#...#.#.### ###..##..
#######.# #....##..
#######.########.#......


You could see an acid dragon (catching breath).

Vanquished Creatures
  2 two-headed ogres (D:9)
  Pikel (D:4)
  A cyclops (D:9)
  2 centaur zombies
  A gargoyle (D:9)
  Prince Ribbit (D:5)
  2 wyverns (D:9)
  12 yaks
  2 vampires (D:9)
  A vampire mosquito (D:9)
  2 water moccasins
  An ice beast (D:5)
  4 orc warriors
  A necrophage (D:7)
  2 sky beasts
  An ogre (D:5)
  4 centaurs
  A lemure (D:4)
  A kobold brigand (D:8)
  2 bullfrogs
  2 scorpions
  A wyvern zombie (D:5)
  A water moccasin zombie (D:7)
  3 water moccasin skeletons
  2 killer bees (D:9)
  13 wights
  3 howler monkeys
  A bullfrog zombie (D:7)
  A gnoll shaman (D:7)
  A bullfrog skeleton (D:2)
  2 orc priests
  2 hounds (D:6)
  5 orc wizards
  3 iguanas
  A scorpion zombie (D:5)
  A howler monkey zombie (D:9)
  A howler monkey skeleton (D:7)
  7 gnolls
  12 adders
  A white imp (D:8)
  An adder skeleton (D:5)
  2 worms
  A dart slug (D:4)
  26 orcs
  8 bats
  3 endoplasms
  2 giant cockroaches
  9 goblins
  4 hobgoblins
  13 kobolds
  2 quokkas (D:3)
  7 ball pythons
  14 frilled lizards
  8 rats
207 creatures vanquished.

Vanquished Creatures (others)
  9 plants
9 creatures vanquished.

Grand Total: 216 creatures vanquished

Notes
Turn   | Place    | Note
-------+----------+-------------------------------------------
     0 | D:1      | HallandMoats the Vine Stalker Fighter began the quest for
                  | the Orb.
     0 | D:1      | Reached XP level 1. HP: 11/11 MP: 2/2
   192 | D:1      | Reached XP level 2. HP: 14/16 MP: 1/3
   789 | D:2      | Reached skill level 1 in Invocations
   789 | D:2      | Reached XP level 3. HP: 20/20 MP: 4/4
   803 | D:2      | Gained mutation: Your natural rate of healing is unusually
                  | fast. [Vine Stalker growth]
   803 | D:2      | Reached XP level 4. HP: 9/24 MP: 4/6
   943 | D:2      | Found a shimmering blue altar of Sif Muna.
  1414 | D:2      | Reached skill level 1 in Dodging
  1414 | D:2      | Reached XP level 5. HP: 26/28 MP: 5/7
  1439 | D:2      | Found a faded altar of an unknown god.
  1767 | D:2      | Prayed at the altar of an unknown god.
  1767 | D:2      | Became a worshipper of the Shining One
  1767 | D:2      | Reached * piety under the Shining One
  2017 | D:3      | Noticed a water moccasin
  2023 | D:3      | Killed a water moccasin
  2024 | D:3      | Reached XP level 6. HP: 30/32 MP: 5/8
  3293 | D:4      | Found Hada's Armour Boutique.
  3327 | D:5      | Entered Level 5 of the Dungeon
  3337 | D:5      | Noticed Pikel
  3349 | D:5      | Reached XP level 7. HP: 37/37 MP: 10/10
  3390 | D:4      | Killed Pikel
  3391 | D:4      | Gained mutation: You have razor-sharp teeth. [Vine Stalker
                  | growth]
  3391 | D:4      | Reached XP level 8. HP: 39/42 MP: 11/11
  3656 | D:5      | Found a staircase to the Ecumenical Temple.
  3682 | D:5      | Reached skill level 5 in Fighting
  3832 | D:5      | Noticed Prince Ribbit
  3846 | D:5      | Killed Prince Ribbit
  3891 | D:5      | Reached skill level 5 in Axes
  4240 | D:6      | Reached skill level 5 in Invocations
  4240 | D:6      | Reached XP level 9. HP: 38/47 MP: 13/13
  4371 | D:6      | Reached ** piety under the Shining One
  4546 | D:6      | Found a shimmering altar of Xom.
  4547 | D:6      | Found a shimmering altar of Xom.
  4547 | D:6      | Found a shimmering altar of Xom.
  4547 | D:6      | Found a shimmering altar of Xom.
  4547 | D:6      | Found a shimmering altar of Xom.
  4549 | D:6      | Found a shimmering altar of Xom.
  4549 | D:6      | Found a shimmering altar of Xom.
  5731 | D:7      | Reached *** piety under the Shining One
  5853 | D:8      | Reached skill level 5 in Shields
  5899 | D:8      | Reached XP level 10. HP: 46/53 MP: 15/15
  6675 | D:9      | Noticed a cyclops
  6689 | D:9      | Killed a cyclops
  6803 | D:9      | Reached skill level 5 in Armour
  6806 | D:9      | Identified a scroll of acquirement
  6807 | D:9      | Acquired a +2 buckler of protection
  7118 | D:9      | Reached **** piety under the Shining One
  7120 | D:9      | Noticed a two-headed ogre
  7172 | D:9      | Reached XP level 11. HP: 40/58 MP: 17/17
  7215 | D:9      | Killed a two-headed ogre
  7276 | D:9      | Noticed a two-headed ogre
  7326 | D:9      | Killed a two-headed ogre
  7578 | D:9      | Killed from afar by an acid dragon

Illustrated notes

Levels and vault maps discovered:
D:1:      arrival_zaba_pyramid, layout_basic, kennysheep_small_spiral,
          hangedman_decor_points, minivault_4
D:2:      minmay_chambers_of_twos, layout_basic, basic_ecumenical_altar,
          basic_altar, st_stairs_6, minmay_misc_feat_tiny, chequers_big_river
D:3:      minmay_evil_eye, layout_loops_corners, corexii_leaking_fountain,
          grunt_ministairs_5, minivault_19
D:4:      layout_basic, serial_shops, shop
D:5:      layout_basic, minmay_temple_entry_mini_moons, minmay_lizard_king,
          uniq_prince_ribbit1, uniq_pikel
D:6:      layout_basic, xom_redecorated
D:7:      layout_loops_cross, serial_park_tiny_2, abandoned_shop,
          nicolae_benzene_ring, grunt_ministairs_8, minmay_misc_feat_room,
          minmay_misc_feat_chi, minmay_misc_feat_enclosed
D:8:      layout_loops_ring
D:9:      minmay_bubble_buster, layout_basic, solitary_fountain

Skill      XL: |  1  2  3  4  5  6  7  8  9 10 11 |
---------------+----------------------------------+-----
Axes           | 2 3 4 5 6 7 |  7.9
Fighting       | 3 4 5 6 7 8 |  8.1
Invocations    | 1 2 3 5 6 7 8 |  8.2
Shields        | 3 4 5 |  5.4
Dodging        | 1 2 3 4 |  4.6
Armour         | 3 4 5 |  5.5

Action                   |  1- 3 |  4- 6 |  7- 9 | 10-12 || total
-------------------------+-------+-------+-------+-------++-------
Melee: War axe           |    49 |   117 |    56 |       ||   222
       Bite              |    12 |    33 |    92 |   147 ||   284
       Flail             |       |       |   147 |       ||   147
       Hand axe          |       |       |    27 |   300 ||   327
Invok: Divine Shield     |       |     1 |       |     2 ||     3
  Use: Scroll            |       |       |    10 |     2 ||    12
Armor: Scale mail        |    23 |    47 |    92 |    88 ||   250
       Chain mail        |       |       |       |    15 ||    15
Dodge: Dodged            |    31 |    61 |   104 |   125 ||   321
Block: Buckler           |    16 |    31 |    54 |   109 ||   210

Table legend: (Time is in decaauts)
 A = Elapsed time spent in this place.
 B = Non-inter-level travel time spent in this place.
 C = Inter-level travel time spent in this place.
 D = Time resting spent in this place.
 E = Time spent auto-exploring this place.
 F = Levels seen in this place.
 G = Mean time per level.
                   A        B        C        D        E       F      G
               +--------+--------+--------+--------+--------+-----+--------+
         Total |   7711 |   7407 |    304 |     26 |   5714 |   9 |  856.8 |
       Dungeon |   7711 |   7407 |    304 |     26 |   5714 |   9 |  856.8 |
               +--------+--------+--------+--------+--------+-----+--------+

Top non-repeatable levels by time:
     D:3: 1064 daAuts
     D:2: 1054 daAuts
     D:9: 980 daAuts
     D:7: 906 daAuts
     D:6: 824 daAuts
     D:8: 800 daAuts
     D:1: 790 daAuts
     D:5: 751 daAuts
     D:4: 538 daAuts
